Description

In this build order I show you how to play against a Terran mech. In this replay I play against Nathanias (which is famous for playing mech).

Notes :

  • When you know that it's a terran mech : Add 2 forges and expand
  • Add a second robo
  • Do a push on your +2/+2 : It's one of the best timing
  • If the terran go into Sky, just play blink stalkers
  • You need to deny his expand as frequently as you can

VOD

https://youtu.be/TnJvEtK72HU

Replay - PvT vs Nathanias

Build Order

Get SALT Encoding   

  12  0:00  Probe  
  13  0:13  Probe  
  14  0:18  Pylon  
  14  0:21  Probe  
  15  0:32  Probe  
  15  0:38  Gateway  
  16  0:44  Probe  
  16  0:48  Assimilator  
  17  0:56  Probe  
  18  1:08  Probe  
  19  1:20  Probe  
  20  1:26  Nexus  
  20  1:36  Cybernetics Core  
  20  1:39  Probe  
  21  1:44  Assimilator  
  21  1:51  Probe  
  21  1:53  Pylon  
  22  2:02  Stalker  
  23  2:14  Warp Gate  
  28  2:33  Stalker  
  31  2:45  Robotics Facility  
  33  2:58  Pylon  
  36  3:18  Stalker  
  40  3:23  Immortal  
  40  3:26  Shield Battery  
  45  3:42  Twilight Council  
  47  3:57  Observer  
  47  4:02  Shield Battery  
  49  4:04  Pylon, Blink  
  50  4:14  Gateway x2, Immortal  
  54  4:30  Assimilator  
  54  4:33  Stalker  
  56  4:42  Nexus  
  58  4:50  Shield Battery  
  60  5:00  Assimilator  
  61  5:07  Forge x2  
  62  5:22  Protoss Ground Armor Level 1, Protoss Ground Weapons Level 1  
  62  5:26  Pylon  
  62  5:40  Robotics Facility  
  64  5:56  Immortal  
  71  6:06  Charge  
  74  6:15  Assimilator x2  
  75  6:22  Zealot x2  
  75  6:24  Immortal  
  81  6:27  Shield Battery  
  81  6:28  Zealot  
  88  6:40  Immortal  
  95  6:59  Templar Archives  
  95  7:00  Gateway x3, Protoss Ground Armor Level 2  
  97  7:08  Protoss Ground Weapons Level 2  
  97  7:12  Immortal  
  101  7:26  Warp Prism  
  103  7:35  High Templar x2  
  103  7:36  Zealot  
  111  7:40  Archon  
  111  7:51  Gateway x2  
  111  7:54  Immortal  
  111  7:56  Gateway, High Templar x2  
  119  8:03  High Templar x2  
  119  8:04  Archon  
  125  8:07  Immortal  
  125  8:12  Archon  
  129  8:13  Zealot x2  
  129  8:19  Shield Battery  
  133  8:21  Gateway  
  133  8:31  High Templar x2  
  133  8:33  Observer  
  138  8:36  Archon  
  138  8:37  High Templar  
  140  8:55  High Templar  
  144  8:57  Zealot x3  
  144  8:59  Archon x2  
  152  9:07  Zealot  
  176  9:32  Archon  
Spawning Tool Build Advisor. Get it on Overwolf

Go to:

Details

  • Created by: zuka      
  • Published on: Dec 03, 2018
  • Modified on: Dec 03, 2018
  • Patch: 4.7.1
Show
View Real Time Build Order
Export as new Build Order

Comments (2)

On Nov. 26, 2019, 2:09 a.m., zuka  said:

Now I try to do the tempest transition. It's a risky transition to me honest and I only do it if I can't pass with zealot/immo/archon.

On Nov. 25, 2019, 7:11 p.m., Axelavex  said:

Why no tempest transition afterwards? Of course stalkers to defend and push initially vs BC.

Create an account to comment!